Map: Pillars of Gold LE

Players

Astrea - Winner!

  • Race: Protoss Protoss
  • League: Master
  • Spawn Location: 7:00

MarineLorD

  • Race: Terran Terran
  • League: Master
  • Spawn Location: 1:00

Event: DreamHack SC2 Masters 2020 Fall

VOD

Have the link to the VOD?

Description

Time

  • Played on: Sept. 15, 2020, 12:09 p.m.
  • Length: 6:21

All games in this series

Show
View Real Time Build Order
Export as new Build Order

Astrea Protoss - Winner!

Build Orders: 1 Gate Expand 

Get SALT Encoding   

  12  0:00  Probe  
  13  0:12  Probe  
  14  0:17  Pylon  
  14  0:24  Probe (Chrono Boost)  
  16  0:36  Probe (Chrono Boost)  
  16  0:37  Gateway  
  16  0:42  Probe (Chrono Boost)  
  16  0:46  Assimilator  
  17  0:51  Probe  
  18  1:03  Probe  
  19  1:15  Probe  
  20  1:24  Cybernetics Core  
  20  1:35  Probe  
  21  1:43  Nexus  
  21  1:44  Pylon  
  21  1:47  Probe  
  22  1:58  Assimilator  
  22  2:00  Stalker (Chrono Boost)  
  23  2:04  Probe  
  23  2:05  Warp Gate (Chrono Boost)  
  25  2:16  Probe  
  25  2:22  Stalker  
  26  2:28  Probe  
  29  2:40  Probe, Gateway  
  30  2:49  Gateway  
  30  2:52  Probe  
  30  2:55  Sentry  
  33  2:58  Probe  
  33  3:03  Shield Battery  
  34  3:09  Probe  
  34  3:10  Probe  
  36  3:21  Probe, Robotics Facility  
  36  3:23  Probe  
  38  3:29  Shield Battery  
  38  3:34  Probe  
  39  3:35  Probe  
  40  3:42  Pylon  
  40  3:51  Stalker x3  
  46  4:00  Probe x2  
  46  4:01  Pylon  
  48  4:19  Stalker x3  
  48  4:22  Probe x2  
  52  4:27  Observer  
  53  4:31  Pylon  
  53  4:34  Probe  
  53  4:38  Probe  
  54  4:46  Pylon  
  54  4:49  Immortal (Chrono Boost)  
  57  4:54  Observer  
  57  4:57  Stalker, Zealot x2  
  63  5:01  Assimilator  
  63  5:18  Immortal (Chrono Boost)  
  67  5:22  Stalker, Zealot x2  
  72  5:30  Pylon  
  72  5:44  Stalker x2  
  72  5:48  Zealot  
  78  6:00  Pylon  
  68  6:12  Stalker x3  
Show
View Real Time Build Order
Export as new Build Order

MarineLorD Terran 

Build Orders: Liberator Opening 

Get SALT Encoding   

  12  0:00  SCV  
  13  0:12  SCV  
  14  0:18  Supply Depot  
  14  0:24  SCV  
  15  0:39  SCV  
  15  0:41  Barracks  
  16  0:48  Refinery  
  16  0:51  SCV  
  17  1:04  Engineering Bay  
  17  1:05  SCV  
  18  1:14  Refinery  
  18  1:17  SCV  
  19  1:29  Marine  
  20  1:35  Orbital Command  
  20  1:50  Factory  
  20  1:57  Barracks Reactor  
  20  2:02  Supply Depot  
  20  2:08  SCV  
  21  2:20  SCV  
  22  2:32  SCV  
  22  2:33  Marine x2  
  22  2:34  Starport  
  25  2:40  Widow Mine  
  27  2:45  Supply Depot  
  27  2:48  SCV  
  28  2:54  Marine x2  
  30  3:07  Hellion  
  30  3:11  Medivac  
  34  3:13  Marine x2  
  34  3:15  Supply Depot  
  36  3:21  Barracks  
  36  3:29  Hellion  
  36  3:32  Marine  
  39  3:37  Marine  
  39  3:40  Supply Depot  
  40  3:47  Liberator  
  43  3:52  Marine  
  43  3:55  Marine  
  45  3:59  Factory Tech Lab  
  43  4:22  Siege Tank  
  43  4:23  Marine x2  
  44  4:26  Marine  
  44  4:30  Liberator  
  46  4:41  Marine x2  
  46  4:44  Marine  
  45  4:54  Siege Tank  
  45  4:58  Marine  
  45  4:59  Supply Depot  
  49  5:03  Marine x2  
  51  5:13  Medivac  
  51  5:16  Marine  
  52  5:22  Marine x2  
  52  5:26  Siege Tank  
  57  5:34  Marine  
  58  5:37  Supply Depot  
  58  5:39  Marine  
  59  5:43  Marine  
  59  5:46  Medivac  
  59  5:48  SCV  
  63  5:59  Marine x2  

Tags
 
Add a new tag
Caveats
  • Supply blocks, unpowered buildings, or Contaminate may cause inaccurate times.
  • Supply counts are checked every 10 seconds.